 Dungeon Crawl Stone Soup version 0.30-a0-1116-gebefce21f7 (webtiles) character file.

Game seed: 4487810560921040810

39 BlueFalcon the Shield-Bearer (level 3, 0/20 HPs)
             Began as a Vine Stalker Fighter on Apr 21, 2023.
             Slain by a gnoll
             ... wielding a +0 halberd
              (8 damage)
             ... on level 2 of the Dungeon.
             The game lasted 00:02:30 (961 turns).

BlueFalcon the Shield-Bearer (Vine Stalker Fighter)  Turns: 961, Time: 00:02:31

Health: 0/20       AC:  7    Str: 18    XL:     3   Next: 47%
Magic:  0/4        EV:  9    Int: 10    God:
Gold:   94         SH:  4    Dex: 13    Spells: 2/2 levels left

rFire   . . .      SeeInvis .    a - +0 war axe
rCold   . . .      Faith    .    c - +0 buckler
rNeg    . . .      Spirit   +    b - +0 scale mail
rPois   .          Reflect  .    (no helmet)
rElec   .          Rampage  .    (no cloak)
rCorr   .                        j - +0 pair of gloves
Will    .....                    (no boots) Stlth
                                 (no amulet)
HPRegen 0.23/turn                (no ring)
MPRegen 0.09/turn                (no ring)

@: no status effects
A: fangs 2, magic shield, antimagic bite, no potion heal 2
a: no special abilities


You were on level 2 of the Dungeon.
You visited 1 branch of the dungeon, and saw 2 of its levels.

You collected 94 gold pieces.

Inventory:

Hand Weapons
 a - a +0 war axe (weapon)
Missiles
 g - 5 javelins (quivered)
Armour
 b - a +0 scale mail (worn)
 c - a +0 buckler (worn)
 j - a +0 pair of gloves (worn)
Scrolls
 f - a scroll of identify {unknown}
 h - a scroll of magic mapping {unknown}
 i - a scroll of butterflies {unknown}
 k - a scroll of enchant weapon {unknown}
 m - a scroll of teleportation {unknown}
Potions
 d - a potion of might
 e - a potion of mutation {unknown}
 l - 2 potions of ambrosia {unknown}
 n - a potion of flight {unknown}


   Skills:
 + Level 3.0 Fighting
 * Level 2.7 Axes
 - Level 2.4 Armour
 + Level 3.0 Shields


You had 2 spell levels left.
You didn't know any spells.
Your spell library was empty.

Dungeon Overview and Level Annotations

Branches:
Dungeon (2/15)

Altars:


Innate Abilities, Weirdness & Mutations

You have extremely sharp teeth.
When hurt, damage is shared between your health and your magic reserves.
Your bite disrupts and absorbs the magic of your enemies.
Potions cannot restore your health.


Message History

Things that are here:
a +2 mace of protection; a +0 club You now have 76 gold pieces (gained 16).
Found a short sword.
You see here a +0 short sword.
You now have 94 gold pieces (gained 18).
Found 9 stones.
A hobgoblin comes into view.
The hobgoblin shouts!
The hobgoblin hits you but does no damage.
You slash the hobgoblin!
You kill the hobgoblin!
You see here a hobgoblin corpse.
n - a glowing white potion You see here a hobgoblin corpse.
A gnoll comes into view. It is wielding a +0 halberd.
The gnoll shouts!
An adder comes into view.
An endoplasm comes into view.
The endoplasm quivers.
The adder barely misses you.
You barely miss the adder. The adder barely misses you.
The gnoll closely misses you. The adder bites you.
You closely miss the adder. The adder bites you but does no damage.
The gnoll barely misses you.
You hit the adder.
The adder is lightly wounded.
The adder completely misses you. The gnoll barely misses you.
The adder closely misses you.
The gnoll hits you from afar with a +0 halberd.
You slash the adder!
You kill the adder!
The gnoll barely misses you. The gnoll hits you with a +0 halberd!
You see here an adder corpse.
You barely miss the gnoll. The gnoll hits you but does no damage.
You hit the gnoll.
The gnoll is heavily wounded.
The gnoll closely misses you. The gnoll hits you with a +0 halberd!
You die...

## . ### ... ##.
# ### #
#..#######.....
#. #..#...@gJ.#
#.##..#.#####.#
## #........## .#
###.......###.#
.#
###...........#
.#
#.........#####
.# #.#.......#
.######.....†.#.#
..........###.#.#


You could see a gnoll and an endoplasm.

Vanquished Creatures
  An adder (D:2)
  A dart slug (D:1)
  An endoplasm (D:1)
  2 goblins
  3 hobgoblins
  9 jackals
  2 kobolds (D:1)
  A ball python (D:2)
  A bat (D:1)
  2 frilled lizards
  3 rats (D:1)
26 creatures vanquished.

Notes
Turn   | Place    | Note
-------+----------+-------------------------------------------
     0 | D:1      | BlueFalcon the Vine Stalker Fighter began the quest for the
                  | Orb.
     0 | D:1      | Reached XP level 1. HP: 11/11 MP: 2/2
   163 | D:2      | Reached XP level 2. HP: 10/16 MP: 0/3
   327 | D:1      | Found a faded altar of an unknown god.
   562 | D:1      | Reached XP level 3. HP: 16/19 MP: 4/4
   961 | D:2      | Slain by a gnoll

Illustrated notes

Levels and vault maps discovered:
D:1:      onia_arrival_pyramid, layout_loops_ring,
          ebering_ecumenical_altar_petrified, minivault_26
D:2:      layout_loops_ring, serial_shops, shop

Skill      XL: |  1  2  3 |
---------------+----------+-----
Axes           | 2 |  2.7
Shields        | 3 |  3.0
Fighting       | 3 |  3.0
Armour         | |  2.4

Action                     || total
---------------------------++-------
  Melee: War axe           ||    59
         Bite              ||     6
 Armour: Scale mail        ||    25
  Dodge: Dodged            ||    37
  Block: Buckler           ||    11

Table legend: (Time is in decaauts)
 A = Elapsed time spent in this place.
 B = Non-inter-level travel time spent in this place.
 C = Inter-level travel time spent in this place.
 D = Time resting spent in this place.
 E = Time spent auto-exploring this place.
 F = Levels seen in this place.
 G = Mean time per level.
                   A        B        C        D        E       F      G
               +--------+--------+--------+--------+--------+-----+--------+
         Total |    987 |    956 |     31 |      0 |    699 |   2 |  493.5 |
       Dungeon |    987 |    956 |     31 |      0 |    699 |   2 |  493.5 |
               +--------+--------+--------+--------+--------+-----+--------+

Top non-repeatable levels by time:
     D:1: 841 daAuts
     D:2: 146 daAuts
